 Dungeon Crawl Stone Soup version 0.30-a0-576-g89cddaab80 (webtiles) character file.

Game seed: 651061426330929977

162 wilfster70 the Charlatan (level 5, -9/37 (41) HPs)
             Began as a Gnoll Wanderer on Dec 31, 2022.
             Was a Believer of Nemelex Xobeh.
             Mangled by Edmund
             ... wielding a +6 dire flail of draining
              (11 damage)
             ... on level 4 of the Dungeon.
             The game lasted 00:09:29 (3286 turns).

wilfster70 the Charlatan (Gnoll Wanderer)           Turns: 3286, Time: 00:09:29

HP:   -9/37 (41)    AC:  6    Str: 11    XL:     5   Next: 43%
MP:   2/2           EV: 10    Int: 13    God:    Nemelex Xobeh [**....]
Gold: 143           SH:  6    Dex: 21    Spells: 7/7 levels left

rFire   . . .      SeeInvis .    u - +6 trident of Quantum Leap {antimagic, *Rage rElec rN+ Dex+9}
rCold   . . .      Faith    .    c - +0 buckler
rNeg    + . .      Spirit   .    p - +0 ring mail
rPois   .          Reflect  .    (no helmet)
rElec   +          Harm     .    (no cloak)
rCorr   .          Rampage  .    (no gloves)
Will    .....      Rage     20%  (no boots)
Stlth   ++                       (no amulet)
HPRegen 0.26/turn                (no ring)
MPRegen 0.08/turn                (no ring)

@: on berserk cooldown, drained
A: fangs 1, strong nose, distributed training
a: Renounce Religion, Draw Escape, Draw Destruction, Draw Summoning


You were on level 4 of the Dungeon.
You worshipped Nemelex Xobeh.
Nemelex Xobeh was pleased with you.
You visited 1 branch of the dungeon, and saw 4 of its levels.

You collected 183 gold pieces.
You spent 40 gold pieces at shops.

Inventory:

Hand Weapons
 a - a +0 dagger of venom
 b - a +0 sling
 l - a +2 dagger of electrocution
 u - the +6 trident of Quantum Leap (weapon) {antimagic, *Rage rElec rN+ Dex+9}
   (You found it on level 3 of the Dungeon)

   It reduces the magical energy of the wielder, and disrupts the spells and
   magical abilities of those it strikes.
   Natural abilities and divine invocations are not affected.
   Dex:       It affects your dexterity (+9).
   rElec:     It insulates you from electricity.
   rN:        It protects you from negative energy.
   *Rage:     It berserks you when you make melee attacks (+20% chance).
Missiles
 i - 5 poisoned darts
Armour
 c - a +0 buckler (worn)
 p - a +0 ring mail (worn)
Jewellery
 v - a ring of fire
Wands
 h - a wand of flame (12) (quivered)
Scrolls
 d - a scroll of enchant armour
 e - a scroll of amnesia {unknown}
 k - a scroll of magic mapping {unknown}
 o - a scroll of vulnerability {unknown}
 q - 3 scrolls of teleportation
Potions
 f - 2 potions of flight
 g - 3 potions of might
 j - 2 potions of curing
 m - a potion of berserk rage
 n - 3 potions of brilliance
 r - 2 potions of lignification {unknown}
 s - a potion of ambrosia {unknown}
 t - a potion of mutation {unknown}


   Skills:
 + Level 3.0 Fighting
 + Level 1.5 Short Blades
 + Level 3.0 Long Blades
 + Level 1.5 Axes
 + Level 1.5 Maces & Flails
 + Level 1.5 Polearms
 + Level 1.5 Staves
 + Level 1.5 Ranged Weapons
 + Level 1.5 Throwing
 + Level 6.7 Armour
 + Level 1.5 Dodging
 + Level 2.8 Stealth
 + Level 3.0 Shields
 + Level 1.5 Unarmed Combat
 + Level 1.5 Spellcasting
 + Level 1.2 Conjurations
 + Level 1.2 Hexes
 + Level 1.2 Summonings
 + Level 1.2 Necromancy
 + Level 1.2 Translocations
 + Level 1.2 Transmutations
 + Level 1.2 Fire Magic
 + Level 1.2 Ice Magic
 + Level 1.2 Air Magic
 + Level 1.2 Earth Magic
 + Level 1.2 Poison Magic
 + Level 1.7 Invocations
 + Level 6.7 Evocations


You had 7 spell levels left.
You didn't know any spells.
Your spell library contained the following spells:

 Spells                   Type           Power      Damage    Failure   Level
 Necrotise                Necr           16%        1d4       41%         1
 Vampiric Draining        Necr           4%         2d6       80%         3
 Agony                    Necr           4%         N/A       100%        5


Dungeon Overview and Level Annotations

Branches:
Dungeon (4/15)
 Temple: D:4-7

Altars:
Nemelex Xobeh

Shops:
D:1 !

Annotations:
D:4 Edmund


Innate Abilities, Weirdness & Mutations

You have very sharp teeth.
Your uncanny sense of smell can sniff out nearby items.
Your experience applies equally to all skills.


Message History

No target in view!
No target in view!
You start waiting.
You feel a strong urge to attack something.
You start waiting.
You feel your anger nearly subside.
You are no longer berserk.
You are exhausted.
You feel yourself slow down.
Items here: )) ††.
Edmund the Younger comes into view.
He is wielding a +6 dire flail of draining and wearing a +4 chain mail of positive energy.
You hear the slow rusting of a very distant drain.
Edmund shouts!
Edmund clears his throat.
You feel yourself speed up.
Edmund hits you with a +6 dire flail of draining.
You partially resist.
You feel drained.
You hit Edmund.
Edmund is lightly wounded.
Edmund hits you with a +6 dire flail of draining!
You partially resist.
You feel drained.
You hit Edmund. You bite Edmund, but do no damage.
Edmund is moderately wounded.
Edmund hits you but does no damage. You partially resist.
You closely miss Edmund.
Edmund is moderately wounded.
Edmund hits you with a +6 dire flail of draining!
You partially resist.
You feel drained.
You are too injured to fight recklessly!
You are too injured to fight recklessly!
You puncture Edmund!
Edmund is heavily wounded.
Edmund hits you with a +6 dire flail of draining!
* * * LOW HITPOINT WARNING * * *
You partially resist.
You feel drained.
* * * LOW HITPOINT WARNING * * *
You hit Edmund.
Edmund is heavily wounded.
Edmund hits you with a +6 dire flail of draining!
You die...
Your body glows slightly and disappears.

####### #.....#
#.....######## ..
#............. #.
#.....#######.
###.#########.....# #.
........@@......#########.
####.##########...........
#. #.#########.
#.##########.# #.
#.........)..# #.
#..#########.##### #. #..#
#.........# ##. #..#
#.###...#..###..
##.5#####.#....###......


You could see Edmund.

Vanquished Creatures
  A lemure (D:4)
  4 gnolls
  3 adders
  A worm (D:4)
  2 dart slugs
  6 endoplasms
  4 giant cockroaches
  12 goblins
  5 hobgoblins
  8 jackals (D:1)
  10 kobolds
  4 quokkas
  7 ball pythons
  8 bats
  4 frilled lizards
  7 rats
86 creatures vanquished.

Notes
Turn   | Place    | Note
-------+----------+-------------------------------------------
     0 | D:1      | wilfster70 the Gnoll Wanderer began the quest for the Orb.
     0 | D:1      | wilfster70 set off with the following items: a +0 falchion,
                  | a wand of flame (12), a +0 buckler, a potion of attraction,
                  | a +0 leather armour.
     0 | D:1      | Reached XP level 1. HP: 17/17 MP: 1/1
   235 | D:1      | Reached XP level 2. HP: 23/23 MP: 2/2
   501 | D:1      | Found Fitiev's Distillery.
   509 | D:1      | Bought a potion of degeneration for 10 gold pieces
   509 | D:1      | Bought a potion of curing for 30 gold pieces
   535 | D:1      | Reached XP level 3. HP: 13/28 MP: 3/3
   699 | D:1      | Found a faded altar of an unknown god.
   710 | D:1      | Reached skill level 1 in Invocations
   712 | D:1      | Prayed at the altar of an unknown god.
   712 | D:1      | Became a worshipper of Nemelex Xobeh the Trickster
   712 | D:1      | Reached * piety under Nemelex Xobeh
   867 | D:1      | Received a gift from Nemelex Xobeh
  1480 | D:2      | Reached skill level 1 in Short Blades
  1480 | D:2      | Reached skill level 1 in Axes
  1480 | D:2      | Reached skill level 1 in Maces & Flails
  1480 | D:2      | Reached skill level 1 in Polearms
  1480 | D:2      | Reached skill level 1 in Staves
  1480 | D:2      | Reached skill level 1 in Ranged Weapons
  1480 | D:2      | Reached skill level 1 in Throwing
  1480 | D:2      | Reached skill level 1 in Dodging
  1480 | D:2      | Reached skill level 1 in Unarmed Combat
  1480 | D:2      | Reached skill level 1 in Spellcasting
  1631 | D:2      | Reached XP level 4. HP: 34/34 MP: 5/5
  2016 | D:2      | Reached skill level 1 in Conjurations
  2016 | D:2      | Reached skill level 1 in Hexes
  2016 | D:2      | Reached skill level 1 in Summonings
  2016 | D:2      | Reached skill level 1 in Necromancy
  2016 | D:2      | Reached skill level 1 in Translocations
  2016 | D:2      | Reached skill level 1 in Transmutations
  2016 | D:2      | Reached skill level 1 in Fire Magic
  2016 | D:2      | Reached skill level 1 in Ice Magic
  2016 | D:2      | Reached skill level 1 in Air Magic
  2016 | D:2      | Reached skill level 1 in Earth Magic
  2016 | D:2      | Reached skill level 1 in Poison Magic
  2381 | D:3      | Reached XP level 5. HP: 23/40 MP: 5/7
  2668 | D:3      | Reached ** piety under Nemelex Xobeh
  2884 | D:3      | Identified the +6 trident of Quantum Leap {antimagic, *Rage
                  | rElec rN+ Dex+9}
  3240 | D:4      | Noticed a lemure
  3240 | D:4      | Noticed a lemure
  3256 | D:4      | Killed a lemure
  3276 | D:4      | Noticed Edmund
  3286 | D:4      | Mangled by Edmund

Illustrated notes

Levels and vault maps discovered:
D:1:      dpeg_cavernosity, layout_basic, serial_shops, shop,
          hellmonk_ecumenical_altar_zigzags
D:2:      layout_basic, hangedman_decor_diamond_cutter,
          nicolae_concentric_dashed_squares_mild
D:3:      layout_basic
D:4:      layout_loops_ring, cheibrodos_sewer_entry_sluice, uniq_edmund,
          uniq_pikel, uniq_robin

Skill      XL: |  1  2  3  4  5 |
---------------+----------------+-----
Invocations    | 1 |  1.7
Short Blades   | 1 |  1.5
Axes           | 1 |  1.5
Maces & Flails | 1 |  1.5
Polearms       | 1 |  1.5
Staves         | 1 |  1.5
Ranged Weapons | 1 |  1.5
Throwing       | 1 |  1.5
Dodging        | 1 |  1.5
Unarmed Combat | 1 |  1.5
Spellcasting   | 1 |  1.5
Conjurations   | 1 |  1.2
Hexes          | 1 |  1.2
Summonings     | 1 |  1.2
Necromancy     | 1 |  1.2
Translocations | 1 |  1.2
Transmutations | 1 |  1.2
Fire Magic     | 1 |  1.2
Ice Magic      | 1 |  1.2
Air Magic      | 1 |  1.2
Earth Magic    | 1 |  1.2
Poison Magic   | 1 |  1.2
Fighting       | 3 |  3.0
Long Blades    | 3 |  3.0
Shields        | 3 |  3.0
Armour         | |  6.7
Stealth        | |  2.8
Evocations     | |  6.7

Action                   |  1- 3 |  4- 6 || total
-------------------------+-------+-------++-------
Melee: Falchion          |    48 |       ||    48
       Bite              |     5 |     9 ||    14
       Dagger            |    30 |    95 ||   125
       Trident           |       |    28 ||    28
 Fire: Sling             |    26 |       ||    26
  Use: Scroll            |     5 |     3 ||     8
 Stab: Sleeping          |     5 |     2 ||     7
Armor: Leather armour    |    27 |     2 ||    29
       Ring mail         |       |    49 ||    49
Dodge: Dodged            |    42 |    51 ||    93
Block: Buckler           |    20 |    27 ||    47

Table legend: (Time is in decaauts)
 A = Elapsed time spent in this place.
 B = Non-inter-level travel time spent in this place.
 C = Inter-level travel time spent in this place.
 D = Time resting spent in this place.
 E = Time spent auto-exploring this place.
 F = Levels seen in this place.
 G = Mean time per level.
                   A        B        C        D        E       F      G
               +--------+--------+--------+--------+--------+-----+--------+
         Total |   3346 |   3247 |     99 |    531 |   1543 |   4 |  836.5 |
       Dungeon |   3346 |   3247 |     99 |    531 |   1543 |   4 |  836.5 |
               +--------+--------+--------+--------+--------+-----+--------+

Top non-repeatable levels by time:
     D:1: 1475 daAuts
     D:2: 979 daAuts
     D:3: 726 daAuts
     D:4: 164 daAuts
